 Dungeon Crawl Stone Soup version 0.23.2-30-g0e89c35649 (webtiles) character file.

Game seed: 17976575952921819927

51 sankara the Cudgeler (level 3, 0/31 HPs)
             Began as a Ghoul Warper on June 20, 2019.
             Slain by a worm (8 damage)
             ... on level 2 of the Dungeon.
             The game lasted 00:06:16 (1495 turns).

sankara the Cudgeler (Ghoul Warper)                 Turns: 1495, Time: 00:06:17

Health: 0/31       AC:  8    Str: 15    XL:     3   Next: 81%
Magic:  4/4        EV:  6    Int:  8    God:
Gold:   45         SH:  0    Dex:  8    Spells: 1/5 levels left

rFire    . . .     SeeInvis +   a - +0 mace
rCold    + . .     Gourm    .   (no shield)
rNeg     + + +     Faith    .   i - +0 chain mail
rPois    ∞         Spirit   .   (no helmet)
rElec    .         Reflect  .   (no cloak)
rCorr    .         Harm     .   (no gloves)
MR       .....                  (no boots)
Stlth    ..........             n - amulet of inaccuracy (curse)
HPRegen  0.00/turn              j - ring of see invisible {sInv, !d}
MPRegen  0.09/turn              (no ring)

@: rotting
A: rotting body, claws 1, carnivore, cold resistance 1, negative energy
resistance 3, inhibited regeneration, torment resistance, unbreathing
a: no special abilities


You were on level 2 of the Dungeon.
You were not hungry.

You visited 1 branch of the dungeon, and saw 2 of its levels.

You collected 45 gold pieces.

Inventory:

Hand Weapons
 a - a +0 mace (weapon)
Missiles
 c - 79 stones (quivered)
 e - 5 tomahawks of dispersal {=f}
Armour
 i - a +0 chain mail (worn)
   (You found it on level 1 of the Dungeon)
Jewellery
 j - a ring of see invisible (left claw) {sInv, !d}
   (You found it on level 1 of the Dungeon)
 n - a cursed amulet of inaccuracy (around neck)
   (You found it on level 2 of the Dungeon)
Scrolls
 d - a scroll of blinking {!r}
Potions
 k - a potion of magic {unknown}
 l - a potion of might {unknown}
 m - a potion of degeneration {unknown}
Comestibles
 b - a chunk of flesh {@w0}
 f - a ration


   Skills:
 + Level 3.0 Fighting
 * Level 3.1 Maces & Flails
 - Level 0.8 Throwing
 - Level 0.8 Armour
 - Level 1.7 Dodging
 - Level 1.7 Spellcasting
 - Level 2.6 Translocations


You had one spell level left.
You knew the following spells:

 Your Spells              Type           Power        Failure   Level  Hunger
a - Shroud of Golubria    Chrm/Tloc      #.........   100%        2    ###....
b - Blink                 Tloc           N/A          99%         2    ###....

Your spell library contained the following spells:

 Spells                   Type           Power        Failure   Level  Hunger
 Gell's Gravitas          Tloc           #.........   100%        3    ####...
 Lesser Beckoning         Tloc           #.........   100%        3    ####...
 Teleport Other           Tloc           #.......     100%        3    ####...
 Passage of Golubria      Tloc           N/A          100%        4    #####..


Dungeon Overview and Level Annotations

Branches:
Dungeon (2/15)

Altars:


Innate Abilities, Weirdness & Mutations

Your body is rotting away.
You thrive on raw meat.
You are immune to poison.
You have sharp fingernails.
You are carnivorous and can eat meat at any time.
Your flesh is cold resistant. (rC+)
You are immune to negative energy. (rN+++)
You do not regenerate when monsters are visible.
You are immune to unholy pain and torment.
You can survive without breathing.


Message History

n - a small bone amulet Put on which piece of jewellery? (? for menu, Esc to quit)
Oops, that amulet feels deathly cold.
n - a cursed amulet of inaccuracy (around neck)
As you read the scroll labeled XELEGU USOAHONK, it crumbles to dust.
You hear whistling wind.
It was a scroll of random uselessness.
As you read the scroll labeled YXINWO CUWAI, it crumbles to dust.
You feel strangely unstable.
It was a scroll of teleportation.
Your surroundings suddenly seem different.
A kobold comes into view. It is wielding a +0 short sword.
The kobold shouts!
You hear a shout!
The kobold hits you but does no damage.
You hit the kobold.
You kill the kobold!
A hobgoblin comes into view. It is wielding a +0 club.
Things that are here:
a +0 short sword; 2 stones Your chain mail prevents you from hitting the hobgoblin.
The hobgoblin closely misses you.
You barely miss the hobgoblin. The hobgoblin barely misses you.
The hobgoblin hits you but does no damage.
You miss the hobgoblin.
The hobgoblin hits you but does no damage.
You closely miss the hobgoblin. The hobgoblin hits you with a +0 club.
You miss the hobgoblin.
The hobgoblin hits you but does no damage.
You miss the hobgoblin. The hobgoblin barely misses you.
You closely miss the hobgoblin.
The hobgoblin hits you but does no damage.
You closely miss the hobgoblin. The hobgoblin barely misses you.
You barely miss the hobgoblin.
The hobgoblin hits you but does no damage.
You closely miss the hobgoblin.
The hobgoblin hits you but does no damage.
You hit the hobgoblin.
You kill the hobgoblin!
No target in view!
No target in view!
No target in view!
c - 79 stones (gained 2)
You see here a +0 short sword.
An ooze comes into view.
The ooze moves out of view.
A kobold comes into view. It is wielding a +0 short sword.
The kobold shouts!
A worm comes into view.
The ooze hits you but does no damage.
You hit the ooze.
The ooze is lightly wounded.
The ooze hits you.
You hit the ooze.
The ooze is heavily wounded.
The ooze hits you.
You sock the ooze!
You kill the ooze!
You closely miss the kobold. The kobold hits you but does no damage.
You hit the kobold.
You kill the kobold!
You closely miss the worm. The worm barely misses you.
You barely miss the worm. The worm closely misses you.
You hit the worm.
The worm is moderately wounded.
An adder comes into view.
The adder moves out of view.
You hit the worm but do no damage.
The worm is moderately wounded.
The worm bites you.
Your chain mail prevents you from hitting the worm.
The worm is lightly wounded.
The worm bites you!
You are too injured to fight recklessly!
You are too injured to fight recklessly!
You are too injured to fight recklessly!
You are too injured to fight recklessly!
You are too injured to fight recklessly!
Your chain mail prevents you from hitting the worm.
The worm is lightly wounded.
The worm barely misses you.
You hit the worm but do no damage.
The worm is lightly wounded.
You hit the worm.
The worm is moderately wounded.
The worm closely misses you.
You hit the worm.
The worm is moderately wounded.
The worm bites you but does no damage.
You hit the worm but do no damage.
The worm is moderately wounded.
You closely miss the worm.
The worm is moderately wounded.
The worm bites you.
You hit the worm but do no damage.
The worm is moderately wounded.
The worm bites you.
* * * LOW HITPOINT WARNING * * *
You sock the worm!
The worm is severely wounded.
The worm bites you!
You die...

#.......# #.......#
### #.......# ..#
#...$...# #.#
#.......# #)#
#.......# #.#
#....w..# #.# #.###
#w#
#....###)..####@##
#.........^...###.#
#######.##........#
#..........##..#
#..........# ##
#..........#
############


You could see a worm.

Vanquished Creatures
  An ooze (D:2)
  3 dart slugs (D:1)
  A leopard gecko (D:1)
  4 bats (D:1)
  6 giant cockroaches (D:1)
  5 hobgoblins
  2 frilled lizards (D:1)
  2 goblins (D:1)
  8 kobolds
  5 rats (D:1)
37 creatures vanquished.

Notes
Turn   | Place    | Note
-------+----------+-------------------------------------------
     0 | D:1      | sankara the Ghoul Warper began the quest for the Orb.
     0 | D:1      | Reached XP level 1. HP: 17/17 MP: 2/2
   187 | D:1      | Reached skill level 2 in Maces & Flails
   320 | D:1      | Reached XP level 2. HP: 25/25 MP: 3/3
   336 | D:1      | Learned a level 2 spell: Blink
   339 | D:1      | Learned a level 2 spell: Shroud of Golubria
   759 | D:1      | Reached XP level 3. HP: 30/30 MP: 4/4
  1195 | D:1      | Reached skill level 3 in Maces & Flails
  1389 | D:2      | Reached skill level 3 in Fighting
  1495 | D:2      | Slain by a worm

Skill      XL: |  1  2  3 |
---------------+----------+-----
Maces & Flails | 2 3 |  3.1
Fighting       | 3 |  3.0
Throwing       | |  0.8
Armour         | |  0.8
Dodging        | |  1.7
Spellcasting   | |  1.7
Translocations | |  2.6

Action                   || total
-------------------------++-------
Melee: Mace              ||   159
  Use: Scroll            ||     2
  Eat: Chunk             ||    22
Armor: Leather armour    ||    26
       Chain mail        ||    75
Dodge: Dodged            ||    78

Levels and vault maps discovered:
D:1:      dpeg_arrival_prison, layout_basic
D:2:      layout_rooms

Table legend:
 A = Turns spent in this place as a percentage of turns spent in the entire game.
 B = Non-inter-level travel turns spent in this place as a percentage of non-inter-level travel turns spent in the entire game.
 C = Inter-level travel turns spent in this place as a percentage of turns spent in this place.
 D = Turns resting spent in this place as a percentage of non-inter-level travel turns spent in this place.
 E = Turns spent auto-exploring this place as a percentage of non-inter-level travel turns spent in this place.
 F = Non-inter-level travel turns spent in this place divided by the number of levels of this place that you've seen.
                   A       B       C       D       E      F
               +-------+-------+-------+-------+-------+----------------------
         Total | 100.0 | 100.0 |   1.5 |  16.8 |  55.8 | 736.0
       Dungeon | 100.0 | 100.0 |   1.5 |  16.8 |  55.8 | 736.0
               +-------+-------+-------+-------+-------+----------------------

Table legend:
 A = Kills in this place as a percentage of kills in entire the game.
 B = Kills by you in this place as a percentage of kills by you in the entire game.
 C = Kills by friends in this place as a percentage of kills by friends in the entire game.
 D = Other kills in this place as a percentage of other kills in the entire game.
 E = Experience gained in this place as a percentage of experience gained in the entire game.
 F = Experience gained in this place divided by the number of levels of this place that you have seen.
                   A       B       C       D       E      F
               +-------+-------+-------+-------+-------+----------------------
         Total | 100.0 | 100.0 |   N/A |   N/A | 100.0 |  36.5
       Dungeon | 100.0 | 100.0 |   N/A |   N/A | 100.0 |  36.5
               +-------+-------+-------+-------+-------+----------------------
